 Dungeon Crawl Stone Soup version 0.30.1-11-g7821555f0a (webtiles) character file.

Game seed: 11283303821940669312

1145 monsoonserge the Slasher (level 8, -3/87 HPs)
             Began as a Demonspawn Warper on Nov 2, 2023.
             Was an Initiate of Gozag.
             Slain by Duvessa
             ... wielding a +3 short sword of speed
              (7 damage)
             ... on level 5 of the Dungeon.
             The game lasted 00:18:32 (4567 turns).

monsoonserge the Slasher (Demonspawn Warper)        Turns: 4567, Time: 00:18:33

Health: -3/87      AC:  8    Str: 12    XL:     8   Next: 15%
Magic:  10/12      EV: 13    Int: 15    God:    Gozag
Gold:   60         SH:  0    Dex: 14    Spells: 11/13 levels left

rFire   + . .        a - +0 falchion
rCold   x x .        (no shield)
rNeg    . . .        n - +1 ring mail of the Desert {rPois rC- Slay+4 SInv}
rPois   +            (no helmet)
rElec   .            (cloak unavailable)
rCorr   .            (no gloves)
SInv    +            I - +0 pair of boots
Will    +....        m - amulet of the acrobat Stlth
                     p - ring of fire
HPRegen 0.34/turn    w - ring of willpower
MPRegen 0.13/turn

%: acrobat
@: berserking, gold aura, very quick
A: repulsion field 1, spiny 1, demonic magic 1, weakness stinger 3
a: Renounce Religion, Potion Petition, Call Merchant, Bribe Branch


You were on level 5 of the Dungeon.
You worshipped Gozag.
Gozag was noncommittal.
You visited 2 branches of the dungeon, and saw 6 of its levels.

You collected 332 gold pieces.
You spent 213 gold pieces at shops.
You paid 59 gold pieces to Gozag.

Inventory:

Hand Weapons
 a - a +0 falchion (weapon)
Missiles
 d - 7 boomerangs of dispersal
 E - 3 boomerangs (quivered)
 K - a silver boomerang
Armour
 n - the +1 ring mail of the Desert (worn) {rPois rC- Slay+4 SInv}
   (You found it on level 2 of the Dungeon)

   Slay:      It affects your accuracy & damage with ranged weapons and melee
   (+4).
   rC:        It makes you vulnerable to cold.
   rPois:     It protects you from poison.
   SInv:      It lets you see invisible.
 I - a +0 pair of boots (worn)
 J - a +0 ring mail of cold resistance
Jewellery
 m - an amulet of the acrobat (around neck)
 p - a ring of fire (left hand)
 t - a ring of poison resistance
 w - a ring of willpower (right hand)
 y - a ring of magical power
Scrolls
 b - a scroll of vulnerability {unknown}
 c - 3 scrolls of blinking
 e - 3 scrolls of immolation {unknown}
 f - 4 scrolls of identify {unknown}
 h - 2 scrolls of fear {unknown}
 l - a scroll of fog {unknown}
 o - 2 scrolls of teleportation
 s - 2 scrolls of amnesia {unknown}
 u - a scroll of magic mapping {unknown}
 A - a scroll of torment {unknown}
 D - a scroll of noise {unknown}
 F - a scroll of enchant armour {unknown}
 H - a scroll of brand weapon {unknown}
Potions
 g - a potion of attraction {unknown}
 i - 2 potions of degeneration {unknown}
 j - 5 potions of curing
 k - 2 potions of lignification {unknown}
 q - a potion of flight {unknown}
 r - a potion of haste {unknown}
 v - 4 potions of mutation {unknown}
 x - a potion of invisibility {unknown}
 z - a potion of brilliance {unknown}
 B - 2 potions of berserk rage
 G - a potion of heal wounds
 L - 2 potions of cancellation {unknown}
Miscellaneous
 C - a piece from Xom's chessboard (15/15)


   Skills:
 + Level 3.3 Fighting
 - Level 0.6(3.1) Short Blades
 * Level 4.9(5.0) Long Blades
 + Level 0.9 Throwing
 * Level 4.8 Armour
 + Level 3.0 Dodging
 + Level 1.1 Stealth
 - Level 0.3 Unarmed Combat
 - Level 3.0 Spellcasting
 - Level 4.0 Translocations
 + Level 0.6 Evocations


You had 11 spell levels left.
You knew the following spells:

 Your Spells              Type           Power      Damage    Failure   Level
a - Blink                 Tloc           28%        N/A       12%         2

Your spell library contained the following spells:

 Spells                   Type           Power      Damage    Failure   Level
 Lesser Beckoning         Tloc           28%        N/A       12%         2
 Teleport Other           Tloc           14%        N/A       24%         3
 Freeze                   Ice            8%         1d3       38%         1
 Vhi's Electric Charge    Tloc/Air       16%        N/A       50%         3
 Manifold Assault         Tloc           14%        N/A       63%         4
 Frozen Ramparts          Ice            4%         1d1       77%         3
 Hailstorm                Conj/Ice       2%         3d3       77%         3


Dungeon Overview and Level Annotations

Branches:
Dungeon (5/15)             Temple (1/1) D:4

Altars:
Ashenzari
Dithmenos
Fedhas
Gozag
Hepliaklqana
Kikubaaqudgha
Okawaru
Qazlal
Ru
Sif Muna
Trog
Vehumet
Xom
Yredelemnul

Shops:
D:1 (   D:3 !(*

Annotations:
D:5 Duvessa


Innate Abilities, Weirdness & Mutations

You are surrounded by a mild repulsion field. (EV +2)
You are partially covered in sharp spines.
Spells you cast may paralyse adjacent enemies.
You have a sharp stinger which inflicts weakening toxins.


Message History

Duvessa is heavily wounded.
Duvessa hits you with a +3 short sword of speed!!
* * * LOW HITPOINT WARNING * * *
Duvessa is struck by your spines.
Duvessa hits you with a +3 short sword of speed.
* * * LOW HITPOINT WARNING * * *
Duvessa is struck by your spines.
Duvessa hits you with a +3 short sword of speed.
* * * LOW HITPOINT WARNING * * *
Casting: Blink (safe; 12% risk of failure)
Confirm with . or Enter, or press ? or * to list all spells.
You blink.
Malevolent energies surge around you.
Okay, then.
Throw: 3 boomerangs
Press: ? - help, Q - select action, (/) - cycle Shift-Dir - straight line, f - Duvessa
Aim: Duvessa, wielding a +3 short sword of speed and wearing a +0 leather armour (severely wounded, berserk, fast, 68% to hit)
You throw a boomerang. The boomerang closely misses Duvessa.
Unknown command.
You barely miss Duvessa. You tail-slap Duvessa.
Duvessa looks weaker.
Duvessa is severely wounded.
Duvessa hits you but does no damage.
Duvessa hits you with a +3 short sword of speed.
* * * LOW HITPOINT WARNING * * *
Duvessa is struck by your spines.
Duvessa hits you with a +3 short sword of speed.
* * * LOW HITPOINT WARNING * * *
Press: ? - help, v - describe, . - travel
Here: Duvessa, wielding a +3 short sword of speed and wearing a +0 leather armour (severely wounded, berserk, fast, weak)
The floor.
A red film seems to cover your vision as you go berserk!
You feel yourself moving faster!
You feel mighty! Duvessa completely misses you.
Duvessa is struck by your spines. Duvessa misses you.
You hit Duvessa.
Duvessa is almost dead.
You feel stable enough to blink again. Duvessa is struck by your spines.
Duvessa hits you with a +3 short sword of speed!
You die...
Your body crumbles into a pile of gold.

# . #. ###.# ##
.....# #.#
#.....# #.#
.......#.#
#......@.# ##
#......e......)
..#.##...#####.
......$## #.# #.
. ###..# ##.##
..
##.####...######
##
#......#[))...#
#..
#...##..)####.#
..# #..####.##
#.#


You could see Duvessa (berserk, fast, weak).

Vanquished Creatures
  An orc warrior (D:5)
  A black bear (D:5)
  2 ogres
  3 phantoms
  3 scorpions (D:4)
  Dowan (D:5)
  A jelly (D:4)
  4 orc priests
  2 orc wizards (D:5)
  5 adders
  A worm (D:2)
  3 dart slugs
  12 orcs
  15 endoplasms
  A giant cockroach (D:2)
  8 goblins
  3 hobgoblins
  7 jackals (D:1)
  2 kobolds
  3 quokkas
  4 ball pythons
  2 bats
  5 frilled lizards
  3 rats
92 creatures vanquished.

Notes
Turn   | Place    | Note
-------+----------+-------------------------------------------
     0 | D:1      | monsoonserge the Demonspawn Warper began the quest for the
                  | Orb.
     0 | D:1      | Reached XP level 1. HP: 16/16 MP: 3/3
    37 | D:1      | Found Udgheani's Antique Weapon Shop.
   170 | D:1      | Reached skill level 1 in Armour
   170 | D:1      | Gained mutation: You are surrounded by a mild repulsion
                  | field. (EV +2) [demonic ancestry]
   170 | D:1      | Reached XP level 2. HP: 19/22 MP: 5/5
   173 | D:1      | Learned a level 2 spell: Blink
  1044 | D:1      | Gained mutation: You have a small tail. [demonic ancestry]
  1044 | D:1      | Reached XP level 3. HP: 26/27 MP: 6/6
  1280 | D:2      | Gained mutation: Spells you cast may paralyse adjacent
                  | enemies. [demonic ancestry]
  1280 | D:2      | Reached XP level 4. HP: 29/33 MP: 7/7
  1455 | D:2      | Identified the +1 ring mail of the Desert {rPois rC- Slay+4
                  | SInv}
  1716 | D:3      | Noticed an ogre
  1773 | D:3      | Found a shimmering blue altar of Sif Muna.
  1970 | D:3      | Found Ulocom's Distillery.
  2299 | D:3      | Gained mutation: You have a tail ending in a sharp stinger.
                  | [demonic ancestry]
  2299 | D:3      | Reached XP level 5. HP: 12/39 MP: 8/8
  2462 | D:4      | Noticed a phantom
  2650 | D:3      | Found Duni's Weapon Shop.
  2655 | D:3      | Found Jiahuyma's General Store.
  2671 | D:3      | Bought a scroll of teleportation for 30 gold pieces
  2784 | D:3      | Bought a potion of might for 40 gold pieces
  2833 | D:3      | Killed an ogre
  2991 | D:3      | Bought a potion of berserk rage for 55 gold pieces
  3012 | D:4      | Noticed a phantom
  3145 | D:4      | Gained mutation: You have a sharp stinger which inflicts
                  | weakening toxins. [demonic ancestry]
  3145 | D:4      | Reached XP level 6. HP: 33/46 MP: 10/10
  3234 | D:4      | Found a shimmering altar of Xom.
  3376 | D:4      | Gained mutation: You are partially covered in sharp spines.
                  | [demonic ancestry]
  3376 | D:4      | Reached XP level 7. HP: 51/51 MP: 11/11
  3528 | D:4      | Found a staircase to the Ecumenical Temple.
  3545 | Temple   | Entered the Ecumenical Temple
  3711 | Temple   | Became a worshipper of Gozag Ym Sagoz the Greedy
  3782 | D:4      | Reached skill level 1 in Stealth
  3895 | D:5      | Entered Level 5 of the Dungeon
  4274 | D:3      | Bought a potion of curing for 33 gold pieces
  4274 | D:3      | Bought a potion of heal wounds for 55 gold pieces
  4335 | D:5      | Reached XP level 8. HP: 58/58 MP: 12/12
  4552 | D:5      | Noticed Dowan
  4553 | D:5      | Noticed Duvessa
  4561 | D:5      | Killed Dowan
  4565 | D:5      | HP: 2/58 [Duvessa/+3 short sword of speed (3)]
  4567 | D:5      | Slain by Duvessa

Illustrated notes

Levels and vault maps discovered:
D:1:      tarquinn_simple_flora_water_e, layout_loops_corners, serial_shops,
          shop_statue, chequers_arboretum
D:2:      layout_rooms
D:3:      layout_loops_ring, mainiacjoe_overflow_alcove_4, serial_shops, shop,
          nicolae_shop_competitors_out_of_business, shop,
          kennysheep_pointless_box
D:4:      layout_cave_pools, xom_butterflies, minmay_temple_entry_proselytizer,
          st_stairs_10
D:5:      layout_loops_ring, chei_slow_surprise, uniq_duvessa
Temple:   nicolae_temple_bog_church

Skill      XL: |  1  2  3  4  5  6  7 |
---------------+----------------------+-----
Long Blades    | 2 3 4 |  4.9
Armour         | 1 2 3 4 |  4.8
Translocations | 3 4 |  4.0
Dodging        | 2 3 |  3.0
Spellcasting   | 3 |  3.0
Fighting       | 3 |  3.3
Stealth        | 1 |  1.1
Short Blades   | |  0.6
Throwing       | |  0.9
Unarmed Combat | |  0.3
Evocations     | |  0.6

Action                     |  1- 3 |  4- 6 |  7- 9 || total
---------------------------+-------+-------+-------++-------
  Melee: Falchion          |   131 |   101 |    68 ||   300
         Tailslap          |    10 |    14 |     9 ||    33
         Punch             |       |       |     1 ||     1
  Throw: Boomerang         |       |       |     7 ||     7
   Cast: Blink             |     1 |     2 |     1 ||     4
  Evoke: Piece from Xom's  |       |     6 |     1 ||     7
    Use: Potion            |       |     1 |     1 ||     2
 Armour: Leather armour    |    23 |     5 |       ||    28
         Ring mail         |       |    24 |    12 ||    36
  Dodge: Dodged            |    97 |    57 |    48 ||   202
